 Dungeon Crawl Stone Soup version 0.29-a0-857-g9b1aa3ac5b (webtiles) character file.

Game seed: 4589469845845071815

819 concernfroge the Fighter (level 7, -17/64 HPs)
             Began as a Mummy Monk on July 17, 2022.
             Was a Believer of Okawaru.
             Killed from afar by a steam dragon (25 damage)
             ... with a ball of steam
             ... on level 6 of the Dungeon.
             The game lasted 00:17:49 (5904 turns).

concernfroge the Fighter (Mummy Monk)               Turns: 5904, Time: 00:17:50

Health: -17/64     AC: 12    Str: 16    XL:     7   Next: 63%
Magic:  7/7        EV: 11    Int:  9    God:    Okawaru [**....]
Gold:   292        SH:  0    Dex: 15    Spells: 6/6 levels left

rFire   x . .      SeeInvis .   a - +0 trident
rCold   + . .      Faith    .   (no shield)
rNeg    + + +      Spirit   .   g - +4 ring mail
rPois   ∞          Reflect  .   (no helmet)
rElec   .          Harm     .   h - +0 cloak
rCorr   .          Rampage  .   e - +0 pair of gloves
Will    .....                   m - +0 pair of boots
Stlth   +.........              (no amulet)
HPRegen 0.20/turn               i - ring of flight
MPRegen 0.10/turn               (no ring)

@: flying
A: cold resistance 1, negative energy resistance 3, torment resistance 2, heat
vulnerability 1, in touch with death 1, no potions
a: Renounce Religion, Heroism


You were on level 6 of the Dungeon.
You worshipped Okawaru.
Okawaru was pleased with you.
You visited 2 branches of the dungeon, and saw 7 of its levels.

You collected 292 gold pieces.

Inventory:

Hand Weapons
 a - a +0 trident (weapon)
 b - a +2 antimagic short sword
Armour
 e - a +0 pair of gloves (worn)
 g - a +4 ring mail (worn)
 h - a +0 cloak (worn)
 m - a +0 pair of boots (worn)
Jewellery
 i - a ring of flight (left hand)
Wands
 d - a wand of flame (19)
 j - a wand of mindburst (4)
 l - a wand of charming (7)
Scrolls
 c - a scroll of identify
 f - a scroll of amnesia


   Skills:
 + Level 9.2 Fighting
 - Level 2.4 Polearms
 - Level 2.4 Dodging
 - Level 1.5 Stealth


You had 6 spell levels left.
You didn't know any spells.
Your spell library contained the following spells:

 Spells                   Type           Power      Damage    Failure   Level
 Gell's Gravitas          Tloc           0%         N/A       93%         3
 Lesser Beckoning         Tloc           0%         N/A       93%         3
 Teleport Other           Tloc           0%         N/A       93%         3
 Dispersal                Tloc           0%         N/A       100%        6


Dungeon Overview and Level Annotations

Branches:
Dungeon (6/15)             Temple (1/1) D:5

Altars:
Ashenzari
Cheibriados
Dithmenos
Fedhas
Hepliaklqana
Kikubaaqudgha
Makhleb
Okawaru
Qazlal
Sif Muna
Trog
Vehumet
Wu Jian
Xom
Yredelemnul

Shops:
D:2 ==   D:6 *

Annotations:
D:3 2 transporters, jlumianski's ghost, amateur DsIE


Innate Abilities, Weirdness & Mutations

You are immune to poison.
Your flesh is cold resistant. (rC+)
You are immune to negative energy. (rN+++)
You are immune to unholy pain and torment.
You are vulnerable to heat. (rF-)
You are in touch with the powers of death.
You do not drink.


Message History

Press: ? - help, Dir - move target An orc comes into view.
It is wielding a +0 dagger.
Found a snail-covered altar of Cheibriados.
As you read the scroll labelled GIXOAH INLEWN, it crumbles to dust.
It was a scroll of blinking.
The orc shouts!
You closely miss the orc. The orc barely misses you.
You barely miss the orc. The orc completely misses you.
You puncture the orc!
You kill the orc!
Okawaru accepts your kill. The steam dragon breathes steam at you.
The ball of steam hits you!! The steam scalds you terribly!
You hear a shout!
You hit the steam dragon.
The steam dragon is lightly wounded.
The steam dragon misses you. The steam dragon barely misses you.
You hit the steam dragon.
The steam dragon is lightly wounded.
The steam dragon bites you. The steam dragon claws you.
The steam dragon bites you.
The steam dragon claws you but does no damage.
You puncture the steam dragon!
The steam dragon is heavily wounded.
The steam dragon misses you.
The steam dragon claws you but does no damage.
You closely miss the steam dragon.
The steam dragon is heavily wounded.
The steam dragon breathes steam at you. The ball of steam hits you!
The steam scalds you terribly!
* * * LOW HITPOINT WARNING * * *
Okay, then.
You hit the steam dragon but do no damage.
The steam dragon is heavily wounded.
The steam dragon bites you.
* * * LOW HITPOINT WARNING * * *
The steam dragon claws you but does no damage.
The steam dragon breathes steam at you. The ball of steam hits you!!
The steam scalds you terribly!
You die...

+...+.#..#.##.##.#
#...#
##+###'..'.##.##.#
##.##
.......#..#.......###
#.##
.......#..####.####..
...### ###+###+######.#
#.###......
.........####(.......!.
###.#.......#.#........
#.#####.#.#.......# #.
#.§@...#.....#
#.##D##†#.......#
#.......###.##.##.#
#...c...##?.§D....#
#.##.#..##.###.####
#..)............$#
#..≈≈≈≈§≈≈≈§.....#
#..§§.§..........#
#..§.♣.♣♣♣.≈.....#


You could see a steam dragon (catching breath).

Vanquished Creatures
  An ice beast (D:6)
  A black bear (D:4)
  2 ogres
  2 necrophages (D:6)
  A scorpion (D:5)
  A hound (D:6)
  3 iguanas (D:6)
  5 adders
  A gnoll (D:1)
  3 white imps (D:6)
  An ufetubus (D:4)
  4 worms
  A dart slug (D:3)
  5 orcs
  4 ball pythons
  6 bats
  9 endoplasms
  5 giant cockroaches
  10 hobgoblins
  3 jackals (D:1)
  3 quokkas
  2 frilled lizards
  6 goblins
  7 kobolds
  8 rats
94 creatures vanquished.

Notes
Turn   | Place    | Note
-------+----------+-------------------------------------------
     0 | D:1      | concernfroge the Mummy Monk began the quest for the Orb.
     0 | D:1      | Reached XP level 1. HP: 18/18 MP: 1/1
   237 | D:1      | Reached XP level 2. HP: 20/24 MP: 2/2
   249 | D:1      | Found a faded altar of an unknown god.
   490 | D:1      | Reached skill level 4 in Fighting
   709 | D:2      | Gained mutation: You are in touch with the powers of death.
                  | [Mummy growth]
   709 | D:2      | Reached XP level 3. HP: 17/31 MP: 3/3
  1120 | D:2      | Found Unoaskag's Jewellery Emporium.
  1445 | D:2      | Found Avaiby's One-of-a-Kind Rings.
  2067 | D:2      | Reached XP level 4. HP: 38/38 MP: 4/4
  2077 | D:2      | Reached skill level 5 in Fighting
  3029 | D:3      | Found an ornate altar of the Wu Jian Council.
  3151 | D:3      | Noticed jlumianski's ghost (amateur DsIE)
  3154 | D:3      | Found a transporter.
  3168 | D:3      | Found a transporter.
  3205 | D:3      | Identified the +6 plate armour "Emmikhye" {*Slow Str+5}
  3462 | D:3      | Noticed an angel
  3762 | D:4      | Noticed a black bear
  4019 | D:4      | Found a blossoming altar of Fedhas.
  4036 | D:4      | Reached XP level 5. HP: 41/46 MP: 5/5
  4264 | D:4      | Killed a black bear
  4265 | D:4      | Reached skill level 6 in Fighting
  4603 | D:5      | Entered Level 5 of the Dungeon
  4603 | D:5      | Noticed an ogre
  4603 | D:5      | Noticed an ogre
  4604 | D:5      | Noticed a wyvern
  4626 | D:5      | Found a staircase to the Ecumenical Temple.
  4631 | Temple   | Entered the Ecumenical Temple
  4835 | Temple   | Became a worshipper of Warmaster Okawaru
  4835 | Temple   | Reached * piety under Okawaru
  4835 | Temple   | Reached ** piety under Okawaru
  4881 | D:5      | Reached XP level 6. HP: 52/53 MP: 6/6
  4924 | D:5      | Found a broken altar of Ashenzari.
  4946 | D:5      | Reached skill level 7 in Fighting
  4976 | D:6      | Found Fibre's Gadget Gallery.
  5458 | D:6      | Noticed an ice beast
  5460 | D:6      | Killed an ice beast
  5461 | D:6      | Reached skill level 8 in Fighting
  5461 | D:6      | Reached XP level 7. HP: 62/62 MP: 7/7
  5831 | D:6      | Found a burning altar of Makhleb.
  5839 | D:6      | Reached skill level 9 in Fighting
  5886 | D:6      | Noticed a steam dragon
  5891 | D:6      | Found a snail-covered altar of Cheibriados.
  5904 | D:6      | Killed from afar by a steam dragon

Illustrated notes

Levels and vault maps discovered:
D:1:      erik_arrival_triangle_medium, layout_rooms,
          ebering_ecumenical_altar_abandoned
D:2:      minmay_diamond_boxcup, layout_loops_ring, serial_shops,
          nicolae_shop_waterfront, nicolae_shop_unique_rings
D:3:      layout_loops_ring, zin_angel, old_standard_altar,
          gammafunk_ghost_arena
D:4:      layout_basic, lemuel_coloured_pillars_altar
D:5:      layout_rooms, mainiacjoe_overflow_concentric_impassable,
          minmay_temple_entry_purple_smoke, uniq_duvessa
D:6:      layout_loops_cross, mainiacjoe_overflow_24_doors,
          mainiacjoe_overflow_brackets, nicolae_shop_gadgets
Temple:   nicolae_temple_slightly_damp_pantheon

Skill      XL: |  1  2  3  4  5  6  7 |
---------------+----------------------+-----
Fighting       | 4 5 6 8 9 |  9.2
Polearms       | |  2.4
Dodging        | |  2.4
Stealth        | |  1.5

Action                   |  1- 3 |  4- 6 |  7- 9 || total
-------------------------+-------+-------+-------++-------
Melee: Spear             |   158 |   282 |    37 ||   477
       Punch             |     1 |     3 |     1 ||     5
       Trident           |       |       |    31 ||    31
Invok: Heroism           |       |     3 |       ||     3
Evoke: Wand              |       |     3 |     1 ||     4
  Use: Scroll            |     4 |     4 |     1 ||     9
 Stab: Sleeping          |     7 |     4 |       ||    11
       Distracted        |       |     1 |       ||     1
Armor: Robe              |    16 |     4 |       ||    20
       Ring mail         |       |   101 |    29 ||   130
Dodge: Dodged            |    84 |   120 |    35 ||   239

Table legend: (Time is in decaauts)
 A = Elapsed time spent in this place.
 B = Non-inter-level travel time spent in this place.
 C = Inter-level travel time spent in this place.
 D = Time resting spent in this place.
 E = Time spent auto-exploring this place.
 F = Levels seen in this place.
 G = Mean time per level.
                   A        B        C        D        E       F      G
               +--------+--------+--------+--------+--------+-----+--------+
         Total |   5888 |   5584 |    304 |   1133 |   3539 |   7 |  841.1 |
       Dungeon |   5662 |   5413 |    249 |   1133 |   3382 |   6 |  943.7 |
        Temple |    225 |    170 |     55 |      0 |    157 |   1 |  225.0 |
               +--------+--------+--------+--------+--------+-----+--------+

Top non-repeatable levels by time:
     D:2: 2028 daAuts
     D:6: 927 daAuts
     D:4: 913 daAuts
     D:3: 847 daAuts
     D:1: 826 daAuts
  Temple: 225 daAuts
     D:5: 119 daAuts
